 Dungeon Crawl Stone Soup version 0.17-a0-1718-g72dbe4d (webtiles) character file.

4 MackTheKnife the Firebug (level 1, -1/12 HPs)
             Began as a Tengu Wanderer on Aug 26, 2015.
             Slain by an ooze (4 damage)
             ... on level 1 of the Dungeon.
             The game lasted 00:01:02 (85 turns).

MackTheKnife the Firebug (Tengu Wanderer)             Turns: 85, Time: 00:01:02

Health: -1/12      AC:  2    Str: 12    XL:     1   Next: 70%
Magic:  0/3        EV: 11    Int: 12    God:
Gold:   11         SH:  0    Dex: 13    Spells: 1 memorised, 1 level left

rFire  . . .     SeeInvis .     (no weapon)
rCold  . . .     Clarity  .     e - +0 robe
rNeg   . . .     SustAt   .     (no shield)
rPois  .         Gourm    .     (helmet restricted)
rElec  .         Spirit   .     (no cloak)
rCorr  .         Warding  .     (no gloves)
rMut   .         Stasis   .     (boots unavailable)
MR     .....                    (no amulet)
Stlth  ++........               (no ring)
                                (no ring)

@: very slightly contaminated, not resistant to hostile enchantments, unstealthy
A: beak, talons 3
a: no special abilities


You were on level 1 of the Dungeon.
You were not hungry.

You visited 1 branch of the dungeon, and saw 1 of its levels.

You collected 11 gold pieces.

Inventory:

Hand weapons
 b - a +2 blowgun
Missiles
 a - 4 curare-tipped needles
Armour
 e - a +0 robe (worn)
Potions
 g - a potion of cure mutation {unknown}
Books
 c - the Disquisition on Toxins

   Spells                             Type                      Level
   a - Sting                          Conjuration/Poison           1
   b - Spider Form                    Transmutation/Poison         3
 d - Sif Muna's Collected Works on Fire

   Spells                             Type                      Level
   a - Flame Tongue                   Conjuration/Fire             1
   b - Ignite Poison                  Fire/Transmutation/Poison    3
Comestibles
 f - a bread ration {@e1}


   Skills:
 - Level 2.0 Fighting
   Level 1.1 Maces & Flails
 - Level 1.1 Throwing
 - Level 2.1 Armour
 - Level 1.0 Stealth
 + Level 1.0 Spellcasting
 - Level 3.2 Fire Magic


You had one spell level left.
You knew the following spells:

 Your Spells              Type           Power        Failure   Level  Hunger
z - Flame Tongue          Conj/Fire      #....        17%         1    ##.....


Dungeon Overview and Level Annotations

Branches:
Dungeon (1/15)

Altars:


Innate Abilities, Weirdness & Mutations

You have a beak for a mouth.
You have claws for feet.


Message History

Unknown command.
Wield which item (- for none, * to show all)? (? for menu, Esc to quit)
Okay, then.
Unknown command.
Wield which item (- for none, * to show all)? (? for menu, Esc to quit)
You are now empty-handed.
A hobgoblin comes into view.
You see here a sedimented green potion.
The hobgoblin shouts!
You see here a sedimented green potion.
g - a sedimented green potion The hobgoblin barely misses you.
You barely miss the hobgoblin. You claw the hobgoblin.
The hobgoblin barely misses you.
You barely miss the hobgoblin.
You claw the hobgoblin, but do no damage.
You peck the hobgoblin.
You kill the hobgoblin!
No target in view!
No target in view!
You now have 11 gold pieces.
You open the door.
A rat comes into view.
MP restored: 3 A rat is nearby!
A rat is nearby!
You don't know any spells.
Unknown command.
Okay, then.
You close the door.
Memorise Flame Tongue, consuming 1 spell level and leaving 0?
You start memorising the spell.
You continue memorising.
You finish memorising.
Spell assigned to 'a'.
You open the door.
Adjust (i)tems, (s)pells, or (a)bilities?
Adjust which spell? a - Flame Tongue Adjust to which letter? z - Flame Tongue You can't see any susceptible monsters within range! (Use Z to cast anyway.) Unknown command.
Unknown command.
Found an escape hatch in the floor.
Found a stone staircase leading down.
There is an open door here.
A bat comes into view.
Aim: a rat The flame tongue hits the rat.
You kill the rat!
You now have 2/3 mp.
A bat comes into view.
The bat barely misses you.
Aim: a bat The flame tongue hits the bat.
You kill the bat!
Your Spellcasting skill increases to level 1!
The bat hits you but does no damage.
You now have 1/3 mp.
Aim: a bat You miscast Flame Tongue.
You are very lightly contaminated with residual magic.
The air around you burns with energy! The bat hits you but does no damage.
The bat closely misses you.
You now have 0/3 mp.
You hit the bat. The bat hits you but does no damage.
The bat hits you but does no damage.
An ooze comes into view.
The bat barely misses you. The bat hits you but does no damage.
You closely miss the bat. Your kick misses the bat. Your peck misses the bat.
The bat hits you but does no damage. The bat closely misses you.
The bat misses you.
The ooze quivers.
The bat hits you but does no damage. The bat closely misses you. x2
You hit the bat. You claw the bat, but do no damage.
The bat hits you but does no damage.
You hit the bat but do no damage. The bat hits you.
You take 1 damage, and have 11/12 hp.
The bat hits you but does no damage.
You completely miss the bat. You claw the bat.
The bat hits you but does no damage. x2
Aim: an ooze The flame tongue hits the ooze.
The bat hits you but does no damage. The ooze barely misses you.
You now have 0/3 mp.
You completely miss the ooze. You claw the ooze, but do no damage.
The bat misses you. The ooze hits you but does no damage.
You hit the bat.
You kill the bat!
The ooze hits you.
You take 2 damage, and have 9/12 hp.
You hit the ooze but do no damage. The ooze hits you.
You take 3 damage, and have 6/12 hp.
MASSIVE DAMAGE!!
You hit the ooze. You claw the ooze. You peck the ooze. The ooze hits you.
* * * LOW HITPOINT WARNING * * *
You take 3 damage, and have 3/12 hp.
MASSIVE DAMAGE!!
You barely miss the ooze. You claw the ooze. The ooze hits you.
You die...

#..... ## #.....
...# #
#..#.###.#.# ###.
#.......... #....
#..#.###.# #
#.#..##..#.#?#.#.#
.....>.J.#.###.#.#
.......@.........#
.....>...#.###.#.#
###.###..........#
.. #........### #
#.####'### ...#
#.###########
#.###
#...#........ #.
###.#.####### #
#...# #


You could see an ooze.

Vanquished Creatures
  A goblin (D:1)
  A hobgoblin (D:1)
  2 bats (D:1)
  A rat (D:1)
5 creatures vanquished.

Notes
Turn   | Place    | Note
--------------------------------------------------------------
     0 | D:1      | MackTheKnife the Tengu Wanderer began the quest for the Orb.
     0 | D:1      | MackTheKnife set off with: 4 curare-tipped needles, a +2 blowgun, the Disquisition on Toxins, Sif Muna's Collected Works on Fire, a +0 robe, a bread ration {@e1}
     0 | D:1      | Reached XP level 1. HP: 12/12 MP: 2/2
     0 | D:1      | Identified the Disquisition on Toxins
     0 | D:1      | Identified Sif Muna's Collected Works on Fire
    61 | D:1      | Learned a level 1 spell: Flame Tongue
    67 | D:1      | Reached skill level 1 in Spellcasting
    84 | D:1      | HP: 3/12 [ooze (3)]
    85 | D:1      | Slain by an ooze

Vault maps used:
D:1:      grunt_arrival_crossed_arrows, minmay_surrounded

Action                   || total
-------------------------++-------
Melee: Unarmed           ||    12
 Fire: Blowgun           ||     1
 Cast: Flame Tongue      ||     3

Vault maps used:
D:1:      grunt_arrival_crossed_arrows, minmay_surrounded

Table legend:
 A = Turns spent in this place as a percentage of turns spent in the entire game.
 B = Non-inter-level travel turns spent in this place as a percentage of non-inter-level travel turns spent in the entire game.
 C = Inter-level travel turns spent in this place as a percentage of turns spent in this place.
 D = Turns resting spent in this place as a percentage of non-inter-level travel turns spent in this place.
 E = Turns spent auto-exploring this place as a percentage of non-inter-level travel turns spent in this place.
 F = Non-inter-level travel turns spent in this place divided by the number of levels of this place that you've seen.
                   A       B       C       D       E      F
               +-------+-------+-------+-------+-------+----------------------
         Total | 100.0 | 100.0 |   0.0 |   0.0 |   2.5 |  80.0
       Dungeon | 100.0 | 100.0 |   0.0 |   0.0 |   2.5 |  80.0
               +-------+-------+-------+-------+-------+----------------------

Table legend:
 A = Kills in this place as a percentage of kills in entire the game.
 B = Kills by you in this place as a percentage of kills by you in the entire game.
 C = Kills by friends in this place as a percentage of kills by friends in the entire game.
 D = Other kills in this place as a percentage of other kills in the entire game.
 E = Experience gained in this place as a percentage of experience gained in the entire game.
 F = Experience gained in this place divided by the number of levels of this place that you have seen.
                   A       B       C       D       E      F
               +-------+-------+-------+-------+-------+----------------------
         Total | 100.0 | 100.0 |  -nan |  -nan | 100.0 |   7.0
       Dungeon | 100.0 | 100.0 |  -nan |  -nan | 100.0 |   7.0
               +-------+-------+-------+-------+-------+----------------------
